 Dungeon Crawl Stone Soup version 0.30-a0-748-ge6a52f7cba (webtiles) character file.

Game seed: 6704056246433541606

73 mistaj the Covered (level 4, 0/39 HPs)
             Began as an Armataur Fighter on Feb 8, 2023.
             Slain by a gnoll
             ... wielding a +2 flail of protection
              (8 damage)
             ... on level 2 of the Dungeon.
             The game lasted 00:04:19 (2041 turns).

mistaj the Covered (Armataur Fighter)               Turns: 2041, Time: 00:04:19

Health: 0/39       AC: 11    Str: 23    XL:     4   Next: 8%
Magic:  4/4        EV:  9    Int:  8    God:
Gold:   155        SH:  4    Dex: 10    Spells: 3/3 levels left

rFire   + . .      SeeInvis .    a - +0 flail
rCold   + . .      Faith    +    z - +0 buckler {rC+ rF+}
rNeg    + . .      Spirit   .    y - +0 plate armour
rPois   .          Reflect  .    (no helmet)
rElec   .          Harm     .    (no cloak)
rCorr   .          Roll     +    j - +0 pair of gloves
Will    .....                    (no barding) Stlth
                                 r - amulet of faith
HPRegen 0.26/turn                l - +5 ring of evasion
MPRegen 0.09/turn                o - ring of positive energy

@: no status effects
A: large, rugged brown scales 3, deformed body, armoured tail, roll, long
tongue, awkward tongue
a: no special abilities


You were on level 2 of the Dungeon.
You visited 1 branch of the dungeon, and saw 3 of its levels.

You collected 155 gold pieces.

Inventory:

Hand Weapons
 a - a +0 flail (weapon)
Armour
 j - a +0 pair of gloves (worn)
 y - a +0 plate armour (worn)
 z - a +0 buckler of resistance (worn)
Jewellery
 l - a +5 ring of evasion (left hand)
 o - a ring of positive energy (right hand)
 r - an amulet of faith (around neck)
Scrolls
 e - 3 scrolls of teleportation {unknown}
 h - 4 scrolls of blinking {unknown}
 i - 8 scrolls of identify {unknown}
 k - 2 scrolls of amnesia {unknown}
 m - a scroll of magic mapping {unknown}
 s - a scroll of fog {unknown}
 u - a scroll of enchant armour {unknown}
 v - a scroll of immolation {unknown}
 w - a scroll of silence {unknown}
Potions
 d - a potion of might
 f - a potion of haste {unknown}
 g - a potion of mutation {unknown}
 n - 3 potions of curing {unknown}
 p - a potion of attraction {unknown}
 q - a potion of heal wounds {unknown}
 t - a potion of degeneration {unknown}
 x - a potion of berserk rage {unknown}


   Skills:
 - Level 2.6 Fighting
 + Level 2.7 Maces & Flails
 + Level 4.5 Armour
 + Level 4.1 Shields


You had 3 spell levels left.
You didn't know any spells.
Your spell library contained the following spells:

 Spells                   Type           Power      Damage    Failure   Level
 Static Discharge         Conj/Air       0%         2-2/arc   100%        2
 Vhi's Electric Charge    Tloc/Air       0%         N/A       100%        3
 Arcjolt                  Conj/Air       0%         1d10      100%        5
 Lightning Bolt           Conj/Air       0%         1d11      100%        5


Dungeon Overview and Level Annotations

Branches:
Dungeon (3/15)

Altars:

Shops:
D:1 *


Innate Abilities, Weirdness & Mutations

You are completely covered in rugged brown scales. (AC +3, +7% HP)
Armour fits poorly on your strangely shaped body.
You have a long armoured tail.
You roll when moving toward enemies. (Rampage)
Your long tongue fully drains potion bottles. (2x potion effects)
Your tongue gives you trouble enunciating. (1.5x scroll delay)


Message History

The gnoll closely misses you.
You hit the gnoll.
The gnoll is lightly wounded.
The gnoll hits you with a +0 halberd.
You hit the gnoll.
The gnoll is heavily wounded.
The gnoll hits you but does no damage.
You hit the gnoll.
You kill the gnoll!
The gnoll barely misses you.
You have reached level 4!
You feel agile. The gnoll attacks as you move away!
The gnoll barely misses you. The gnoll attacks as you move away!
The gnoll closely misses you.
You barely miss the gnoll.
The gnoll hits you with a +2 flail of protection.
You hit the gnoll but do no damage.
Your tail-slap misses the gnoll.
The gnoll hits you with a +2 flail of protection.
You completely miss the gnoll.
Your tail-slap misses the gnoll.
The gnoll hits you with a +2 flail of protection. x2
You hit the gnoll.
The gnoll is lightly wounded.
The gnoll hits you with a +2 flail of protection.
You barely miss the gnoll.
Your tail-slap misses the gnoll.
The gnoll is lightly wounded.
The gnoll hits you but does no damage. The gnoll attacks as you move away!
The gnoll closely misses you. The gnoll attacks as you move away!
The gnoll hits you but does no damage. The gnoll attacks as you move away!
The gnoll hits you with a +2 flail of protection.
The gnoll attacks as you move away!
The gnoll hits you with a +2 flail of protection.
There is a stone staircase leading up here.
The gnoll hits you with a +2 flail of protection!
* * * LOW HITPOINT WARNING * * *
You climb upwards.
There is a stone staircase leading down here.
You closely miss the gnoll.
Your tail-slap misses the gnoll.
The gnoll hits you with a +2 flail of protection!
You die...

####### # ####.....# #
###....##.###### #
#####......##.###..# ###
##...g@........##...# ..#
###..##....)...##....####
#.###
#...#...#......#..##....#
....#
#.#...###.....##.###....#
....# ##.#.### #######..#
#....# ....# #..<.# #.##
#....# ..### #...## ##.#
#....# ...#####..## #..#
#...## #........### ##.##
##..##


You could see a gnoll.

Vanquished Creatures
  2 adders (D:3)
  A gnoll (D:3)
  2 dart slugs
  5 orcs (D:3)
  2 endoplasms
  2 giant cockroaches
  4 goblins
  2 hobgoblins (D:1)
  2 quokkas
  2 ball pythons (D:2)
  A bat (D:1)
  2 kobolds
  11 rats
38 creatures vanquished.

Notes
Turn   | Place    | Note
-------+----------+-------------------------------------------
     0 | D:1      | mistaj the Armataur Fighter began the quest for the Orb.
     0 | D:1      | Reached XP level 1. HP: 19/19 MP: 1/1
   242 | D:1      | Found Pehu Bap's General Store.
   338 | D:1      | Reached XP level 2. HP: 23/26 MP: 2/2
  1032 | D:2      | Found a faded altar of an unknown god.
  1530 | D:3      | Reached XP level 3. HP: 32/32 MP: 3/3
  2010 | D:3      | Reached XP level 4. HP: 32/39 MP: 4/4
  2041 | D:2      | Slain by a gnoll

Illustrated notes

Levels and vault maps discovered:
D:1:      nagdon_arrival_double_spiral, layout_basic, serial_shops, shop,
          minivault_25
D:2:      layout_rooms, shapermc_ecumenical_altar_pompeii,
          dreamdust_wishing_well, minmay_rat_gold_closets
D:3:      layout_basic

Skill      XL: |  1  2  3 |
---------------+----------+-----
Maces & Flails | 2 |  2.7
Armour         | 4 |  4.5
Shields        | 4 |  4.1
Fighting       | |  2.6

Action                     |  1- 3 |  4- 6 || total
---------------------------+-------+-------++-------
  Melee: Flail             |   114 |     6 ||   120
         Tailslap          |     6 |       ||     6
 Armour: Scale mail        |    41 |       ||    41
         Plate armour      |     7 |     2 ||     9
  Dodge: Dodged            |    47 |     3 ||    50
  Block: Buckler           |    18 |       ||    18

Table legend: (Time is in decaauts)
 A = Elapsed time spent in this place.
 B = Non-inter-level travel time spent in this place.
 C = Inter-level travel time spent in this place.
 D = Time resting spent in this place.
 E = Time spent auto-exploring this place.
 F = Levels seen in this place.
 G = Mean time per level.
                   A        B        C        D        E       F      G
               +--------+--------+--------+--------+--------+-----+--------+
         Total |   2074 |   2061 |     13 |     62 |   1478 |   3 |  691.3 |
       Dungeon |   2074 |   2061 |     13 |     62 |   1478 |   3 |  691.3 |
               +--------+--------+--------+--------+--------+-----+--------+

Top non-repeatable levels by time:
     D:1: 788 daAuts
     D:2: 650 daAuts
     D:3: 636 daAuts
